AoeStats
← cisi1982

Arabia

503568382Analyzed
1v1 RM · 1mo ago on Sep 1, 2026· 43m 20s· 2 players
Game mode
Random Map
Map size
Tiny (2 player)
Population
200
Speed
Normal
Resources
Standard
Victory
Conquest
Starting age
Dark Age
Ending age
Imperial Age
RankedLock teamsTeams togetherTeam positionsShared explorationLock speedFull tech treeHidden civsTurbo modeCheats
Victory
Defeat
🇹🇼 Magyars · Taiwan
901
+16
🇨🇿 Dravidians · Czechia
904
-16
slryze4264
7:18 Loom
9:57 Feudal Age
11:44 Double-Bit Axe
17:05 Wheelbarrow
18:43 Bloodlines
18:34 Gold Mining
18:56 Padded Archer Armor
18:47 Fletching
22:34 Castle Age
20:58 Horse Collar
21:34 Scale Barding Armor
23:51 Husbandry
24:44 Bodkin Arrow
28:55 Bow Saw
28:47 Heavy Plow
32:18 Light Cavalry
38:14 Imperial Age
38:40 Thumb Ring
38:47 Corvinian Army
40:32 Ballistics
41:12 Chemistry
40:43 Conscription
40:57 Hussar
cisi1982
10:22 Feudal Age
8:38 Loom
15:49 Castle Age
15:47 Double-Bit Axe
23:37 Pikeman
25:32 Elite Skirmisher
34:16 Fletching
35:32 Light Cavalry
38:49 Crossbowman
42:18 Imperial Age
40:23 Forging
41:47 Squires
42:47 Halberdier
Connection lost

Rejoining the realm…

Still unreachable

The connection could not be restored.

Session expired

The server has moved on; the page needs a fresh start.